 Dungeon Crawl Stone Soup version 0.22.1-2-g9c5b331 (webtiles) character file.

161 JustSomeDude the Sneak (level 5, 0/27 HPs)
             Began as a Vine Stalker Assassin on Dec 28, 2018.
             Slain by an adder (1 damage)
             ... on level 3 of the Dungeon.
             The game lasted 00:10:51 (2137 turns).

JustSomeDude the Sneak (Vine Stalker Assassin)      Turns: 2137, Time: 00:10:51

Health: 0/27       AC:  3    Str: 19    XL:     5   Next: 42%
Magic:  0/6        EV: 12    Int: 11    God:
Gold:   123        SH:  0    Dex: 16    Spells: 4/4 levels left

rFire    . . .     SeeInvis .   a - +2 dagger
rCold    . . .     Gourm    .   (no shield)
rNeg     . . .     Faith    .   c - +0 robe
rPois    .         Spirit   +   (no helmet)
rElec    .         Reflect  .   d - +0 cloak
rCorr    .         Harm     .   (no gloves)
MR       .....                  (no boots)
Stlth    ++++......             (no amulet)
HPRegen  0.49/turn              (no ring)
MPRegen  0.10/turn              (no ring)

@: mighty
A: fangs 2, regeneration 1, magic shield, antimagic bite, no potion heal 3, rot
immunity
a: no special abilities


You were on level 3 of the Dungeon.
You were not hungry.

You visited 1 branch of the dungeon, and saw 3 of its levels.

You collected 123 gold pieces.

Inventory:

Hand Weapons
 a - a +2 dagger (weapon)
 b - a +0 blowgun
 l - a +0 short sword
 v - a +2 short sword of venom
Missiles
 e - 8 poisoned needles
 f - 2 curare-tipped needles
Armour
 c - a +0 robe (worn)
 d - a +0 cloak (worn)
 i - a +0 leather armour
 t - a +0 leather armour
 w - a +0 ring mail
 x - a +0 scale mail
Wands
 u - a wand of random effects (12)
Scrolls
 h - a scroll of amnesia
 n - a scroll of remove curse
 p - a scroll of magic mapping {unknown}
 q - a scroll of teleportation
 y - a scroll of identify
Potions
 j - a potion of might
 k - a potion of magic {unknown}
 o - a potion of curing
 r - a potion of haste {unknown}
 s - a potion of mutation {unknown}
Comestibles
 g - 5 rations
 m - 2 chunks of flesh


   Skills:
 + Level 2.4 Fighting
 + Level 2.5 Short Blades
 + Level 1.9 Throwing
 + Level 1.5 Dodging
 + Level 6.8 Stealth


You had 4 spell levels left.
You didn't know any spells.
Your spell library was empty.

Dungeon Overview and Level Annotations

Branches:
Dungeon (3/15)

Altars:
Ashenzari
Ru
Yredelemnul


Innate Abilities, Weirdness & Mutations

You have extremely sharp teeth.
Your natural rate of healing is unusually fast.
When hurt, damage is shared between your health and your magic reserves.
Your bite disrupts and absorbs the magic of your enemies.
Potions cannot restore your health.
You are immune to rotting.


Message History

The orc hits you with a flail of crushing.
The hobgoblin misses you.
You closely miss the adder. Your bite misses the adder.
The adder is almost dead.
The bat hits you. The adder bites you.
The orc hits you with a flail of crushing!
* * * LOW HITPOINT WARNING * * *
x2 The adder bites you.
* * * LOW HITPOINT WARNING * * *
The hobgoblin barely misses you.
It was a potion of might.
You feel very mighty all of a sudden. The bat hits you.
* * * LOW HITPOINT WARNING * * *
The bat hits you but does no damage. The adder misses you.
The orc completely misses you.
You miss the adder. Your bite misses the adder.
The adder is almost dead.
The bat closely misses you. The hobgoblin misses you. The adder bites you.
You die...

#####. ......
########........#######
..[...........).......
####............
#....##
................
#...o..
.......Sg.......
#.....# ......o@b......
.#.....#
....##.....####
.......# . #.....#
##....... #.....+
..#......# #.....#
#.#....... ###.###
#.#.####..
.######.######.#.# #..
...........[.....## #..
.######.#####.....# #..


You could see an adder, an orc, a hobgoblin and a bat.

Vanquished Creatures
  A worker ant (D:3)
  4 adders
  2 oozes
  A worm (D:2)
  A dart slug (D:3)
  2 leopard geckos (D:3)
  11 orcs (D:3)
  2 ball pythons
  3 giant cockroaches
  9 goblins
  6 hobgoblins
  5 kobolds
  2 quokkas
  8 bats
  8 frilled lizards
  8 rats
  A spectral orc (D:2)
74 creatures vanquished.

Notes
Turn   | Place    | Note
-------+----------+-------------------------------------------
     0 | D:1      | JustSomeDude the Vine Stalker Assassin began the quest for
                  | the Orb.
     0 | D:1      | Reached XP level 1. HP: 11/11 MP: 2/2
    73 | D:1      | Reached skill level 1 in Dodging
    95 | D:1      | Reached skill level 5 in Stealth
   371 | D:1      | Reached XP level 2. HP: 15/15 MP: 3/3
   733 | D:2      | Reached XP level 3. HP: 16/18 MP: 4/4
  1020 | D:2      | Found a basalt altar of Yredelemnul.
  1062 | D:2      | Reached skill level 6 in Stealth
  1410 | D:2      | Gained mutation: Your natural rate of healing is unusually
                  | fast. [Vine Stalker growth]
  1410 | D:2      | Reached XP level 4. HP: 23/23 MP: 5/5
  1504 | D:2      | Found a sacrificial altar of Ru.
  1789 | D:3      | Found a shattered altar of Ashenzari.
  1861 | D:3      | Reached XP level 5. HP: 24/26 MP: 4/6
  2135 | D:3      | HP: 1/27 [adder (1)]
  2137 | D:3      | Slain by an adder

Skill      XL: |  1  2  3 |
---------------+----------+-----
Dodging        | 1 |  1.5
Stealth        | 5 6 |  6.8
Fighting       | 2 |  2.4
Short Blades   | 2 |  2.5
Throwing       | |  1.9

Action                   |  1- 3 |  4- 6 || total
-------------------------+-------+-------++-------
Melee: Dagger            |    96 |   134 ||   230
       Bite              |    23 |    31 ||    54
  Use: Potion            |     1 |     1 ||     2
       Scroll            |       |     3 ||     3
 Stab: Sleeping          |     7 |     6 ||    13
       Distracted        |       |     1 ||     1
  Eat: Chunk             |     2 |     2 ||     4
Armor: Robe              |    22 |    24 ||    46
Dodge: Dodged            |    43 |    82 ||   125
